Map: Acropolis LE

Players

LOADING - Winner!

  • Race: Terran Terran
  • League: Diamond
  • Spawn Location: 11:00

pHARM

  • Race: Zerg Zerg
  • League: Platinum
  • Spawn Location: 5:00

VOD

Have the link to the VOD?

Description

Time

  • Played on: Aug. 25, 2019, 7:29 a.m.
  • Length: 13:29
Show
View Real Time Build Order
Export as new Build Order

LOADING Terran - Winner!

Build Orders: 2 Factory 

Get SALT Encoding   

  12  0:02  SCV  
  13  0:16  Supply Depot  
  13  0:18  SCV  
  14  0:31  SCV  
  15  0:42  Barracks  
  15  0:43  SCV  
  16  0:54  Refinery  
  16  0:55  SCV  
  17  1:07  SCV  
  18  1:24  Command Center  
  18  1:33  Marine  
  19  1:40  Bunker  
  19  1:42  SCV  
  20  1:49  Refinery  
  20  1:53  Marine  
  21  1:54  SCV  
  22  2:06  SCV  
  23  2:23  Supply Depot  
  23  2:36  SCV  
  24  2:41  Orbital Command  
  24  2:49  Factory  
  25  2:52  Factory  
  24  2:59  SCV  
  24  3:00  Supply Depot  
  25  3:08  SCV  
  26  3:12  Orbital Command  
  26  3:20  SCV  
  27  3:32  SCV  
  28  3:42  Starport  
  28  3:43  Hellion  
  28  3:44  SCV  
  28  3:45  SCV  
  32  3:53  Hellion  
  34  3:56  SCV  
  34  3:58  SCV  
  36  4:03  Liberator  
  36  4:08  SCV  
  37  4:10  SCV  
  37  4:11  Hellion, Starport  
  37  4:14  Hellion  
  37  4:16  Refinery  
  42  4:20  SCV  
  46  4:24  Supply Depot  
  46  4:31  SCV  
  46  4:32  SCV, Refinery  
  46  4:33  Hellion  
  46  4:38  Fusion Core  
  50  4:44  SCV x2  
  52  4:50  Supply Depot  
  52  4:56  SCV  
  52  4:57  SCV  
  52  4:59  Starport Tech Lab  
  54  5:08  SCV  
  54  5:09  SCV  
  56  5:16  Starport Tech Lab  
  56  5:21  SCV x2  
  58  5:33  SCV x2  
  60  5:44  Command Center  
  60  5:56  Battlecruiser x2  
  67  6:06  SCV  
  67  6:08  Hellion  
  70  6:15  Hellion  
  70  6:16  Supply Depot x2, Weapon Refit  
  72  6:18  SCV  
  72  6:21  Starport  
  72  6:24  SCV  
  74  6:30  Hellion  
  74  6:31  SCV  
  77  6:36  SCV  
  77  6:37  Command Center  
  77  6:39  Supply Depot  
  78  6:43  SCV  
  76  7:00  Battlecruiser  
  76  7:08  Battlecruiser  
  82  7:21  SCV  
  83  7:31  Refinery  
  83  7:33  SCV  
  84  8:09  Battlecruiser  
  90  8:13  Battlecruiser  
  95  9:05  Orbital Command  
  95  9:11  SCV  
  95  9:16  Refinery  
  96  9:22  SCV  
  96  9:23  SCV  
  98  9:34  SCV  
  98  9:35  SCV  
  100  9:41  Battlecruiser x2  
  112  9:46  SCV  
  112  9:47  SCV  
  112  9:49  Refinery  
  114  9:58  SCV  
  109  10:04  SCV  
  106  10:07  Supply Depot  
  106  10:16  SCV  
  107  10:30  Starport Tech Lab  
  107  10:36  SCV  
  107  10:42  SCV  
  109  10:45  Battlecruiser  
  109  10:48  SCV  
  116  10:54  SCV  
  116  11:00  SCV  
  113  11:14  Supply Depot  
  113  11:16  Supply Depot  
  113  11:31  Supply Depot  
  113  11:33  Supply Depot  
  112  11:52  SCV  
  110  12:05  Command Center  
  110  12:10  SCV, Battlecruiser  
  107  12:47  SCV  
  107  12:48  Starport  
  107  12:50  Starport  
Show
View Real Time Build Order
Export as new Build Order

pHARM Zerg 

Build Orders: Hatch First, Swarm Host 

Get SALT Encoding   

  12  0:01  Drone  
  13  0:15  Overlord  
  13  0:24  Drone  
  14  0:33  Drone  
  14  0:34  Drone  
  16  0:41  Drone  
  17  0:56  Hatchery  
  16  1:05  Drone x2  
  18  1:14  Drone  
  19  1:21  Spawning Pool  
  18  1:31  Drone  
  19  1:38  Drone  
  20  1:43  Extractor  
  19  1:50  Drone  
  20  1:57  Overlord  
  20  2:09  Queen x2  
  20  2:10  Zergling x2  
  20  2:11  Zergling x2  
  26  2:20  Drone x2  
  28  2:40  Drone x3  
  28  2:41  Overlord  
  31  2:45  Queen x2  
  31  2:48  Metabolic Boost  
  31  2:50  Drone  
  36  3:12  Overlord x2  
  36  3:24  Hatchery  
  35  3:30  Lair  
  35  3:34  Drone x7  
  42  3:52  Overlord x2  
  42  3:54  Drone x4  
  45  4:25  Extractor  
  45  4:26  Drone, Extractor  
  45  4:30  Drone x12  
  56  4:50  Infestation Pit  
  56  4:52  Drone  
  56  5:05  Zergling x4  
  56  5:06  Zergling x16  
  66  5:18  Roach Warren  
  66  5:21  Evolution Chamber  
  64  5:27  Evolution Chamber  
  62  5:41  Swarm Host x4  
  74  5:43  Nydus Network  
  69  6:12  Pneumatized Carapace  
  69  6:14  Swarm Host  
  72  6:23  Nydus Canal  
  72  6:32  Overlord  
  72  6:33  Overlord x4  
  66  7:06  Spore Crawler  
  66  7:08  Spore Crawler x2  
  64  7:10  Spore Crawler x2  
  64  7:12  Spore Crawler  
  64  7:14  Spore Crawler  
  59  7:18  Drone x9  
  59  7:20  Queen x3  
  74  7:23  Spore Crawler  
  74  7:24  Spore Crawler  
  74  7:27  Spore Crawler  
  64  7:33  Drone x3  
  60  7:55  Queen  
  64  8:04  Drone x13  
  74  8:08  Nydus Canal  
  76  8:23  Spore Crawler x3  
  76  8:24  Spore Crawler  
  63  8:31  Queen  
  58  8:45  Nydus Canal  
  56  8:59  Hatchery  
  55  9:03  Hatchery  
  55  9:05  Swarm Host x3  
  55  9:06  Swarm Host x2  
  55  9:07  Queen  
  71  9:16  Swarm Host x5  
  80  9:20  Nydus Canal  
  86  9:42  Queen  
  79  10:07  Extractor  
  78  10:28  Extractor  
  77  10:29  Extractor  
  77  10:30  Spore Crawler  
  77  10:31  Spore Crawler, Drone x9  
  77  10:32  Spore Crawler, Drone x4  
  75  11:32  Spire  
  64  12:10  Spore Crawler  
  64  12:11  Spore Crawler  
  64  12:12  Spore Crawler x2  
  64  12:14  Spore Crawler  
  64  12:15  Spore Crawler  
  57  12:17  Spore Crawler  
Tags
 
Composition
Swarm Host
Matchup
TvZ
Replay Pack
10.7.19
Spawn Locations
Cross Positions
Add a new tag
Caveats
  • Supply blocks, unpowered buildings, or Contaminate may cause inaccurate times.
  • Supply counts are checked every 10 seconds.